 Dungeon Crawl Stone Soup version 0.18-a0-1044-g2bb894f (webtiles) character file.

23 Kristof the Digger (level 2, 0/15 HPs)
             Began as a Gargoyle Earth Elementalist on Jan 11, 2016.
             Killed from afar by Natasha (10 damage)
             ... with a magic dart
             ... on level 2 of the Dungeon.
             The game lasted 00:06:05 (1014 turns).

Kristof the Digger (Gargoyle Earth Elementalist)    Turns: 1014, Time: 00:06:05

Health: 0/15       AC:  4    Str: 11    XL:     2   Next: 95%
Magic:  13/14      EV: 12    Int: 15    God:
Gold:   48         SH:  0    Dex: 10    Spells: 2 memorised, 3 levels left

rFire  . . .     SeeInvis .     b - 19 stones
rCold  . . .     Gourm    .     a - +0 robe
rNeg   + . .     Faith    .     (no shield)
rPois  ∞         Spirit   .     (no helmet)
rElec  +         Dismiss  .     (no cloak)
rCorr  .         Reflect  .     (no gloves)
SustAt .         Harm     .     (no boots)
MR     .....                    (no amulet)
Stlth  ++........               (no ring)
                                j - ring of magical power

@: not resistant to hostile enchantments, unstealthy
A: negative energy resistance 1, electricity resistance, unbreathing,
petrification resistance, rot immunity, AC +2
a: no special abilities


You were on level 2 of the Dungeon.
You were not hungry.

You visited 1 branch of the dungeon, and saw 2 of its levels.

You collected 48 gold pieces.

Inventory:

Hand Weapons
 h - a +0 dagger
Missiles
 b - 19 stones (in hand)
Armour
 a - a +0 robe (worn)
Jewellery
 j - a ring of magical power (left hand)
Scrolls
 i - 2 scrolls of remove curse
 n - a scroll of amnesia
Potions
 k - a potion of heal wounds
 o - 2 potions of curing
Books
 c - a book of Geomancy

   Spells                             Type                      Level
   a - Sandblast                      Earth                        1
   b - Stoneskin                      Transmutation/Earth          2
   c - Passwall                       Transmutation/Earth          3
   d - Stone Arrow                    Conjuration/Earth            3
   e - Petrify                        Transmutation/Earth          4
   f - Lee's Rapid Deconstruction     Earth                        5
Comestibles
 d - 2 bread rations
 f - a meat ration
 g - a chunk of flesh


   Skills:
 - Level 1.5 Dodging
 - Level 2.1 Stealth
 * Level 2.7 Spellcasting
 - Level 0.7 Transmutations
 + Level 4.1 Earth Magic


You had 3 spell levels left.
You knew the following spells:

 Your Spells              Type           Power        Failure   Level  Hunger
a - Sandblast             Erth           ##....       4%          1    #......
b - Stoneskin             Trmt/Erth      #.......     12%         2    ##.....


Dungeon Overview and Level Annotations

Branches:
Dungeon (2/15)

Altars:

Annotations:
D:2 Natasha


Innate Abilities, Weirdness & Mutations

You are resistant to torment.
Your stone body is resilient (AC +2).
You are immune to poison.
You resist negative energy.
You are resistant to electric shocks.
You can survive without breathing.
You are immune to petrification.
You are immune to rotting.


Message History

Press: ? - help, Shift-Dir - straight line, f - goblin
Aim: a goblin The rocky blast hits the goblin.
You kill the goblin!
The white imp sputters.
Natasha mumbles some strange words.
The shadow imp gestures at you. Pain shoots through your body!
The shadow imp lashes its tail.
Casting: Sandblast
Confirm with . or Enter, or press ? or * to list all spells.
Aiming: Sandblast
Press: ? - help, Shift-Dir - straight line, f - Natasha
Aim: Natasha The rocky blast hits Natasha.
Natasha is moderately wounded.
Natasha stares at you and mumbles some strange words.
The magic dart hits you!
Ouch! That really hurt!
You die...

#.. ##.#.......##
#. #..).......#
.. ##..5.......#
. ..#....K5.....#
##.#.#.........#
..........h.[..#
##...#.........#
.....#.........#
.............@.##
.####..........##
#...........##
##...........#
#...........#
###.###.......#
.............##
#######.......#
#<......#


You could see Natasha, a white imp, a shadow imp and a kobold.

Vanquished Creatures
  4 giant cockroaches
  3 hobgoblins (D:1)
  A jackal (D:1)
  A ball python (D:1)
  2 bats (D:1)
  5 goblins
  5 rats (D:1)
21 creatures vanquished.

Notes
Turn   | Place    | Note
--------------------------------------------------------------
     0 | D:1      | Kristof the Gargoyle Earth Elementalist began the quest for the Orb.
     0 | D:1      | Reached XP level 1. HP: 10/10 MP: 3/3
   191 | D:1      | Reached XP level 2. HP: 10/15 MP: 0/5
   773 | D:1      | Learned a level 2 spell: Stoneskin
   842 | D:1      | Reached skill level 4 in Earth Magic
   993 | D:2      | Noticed Natasha
  1014 | D:2      | Killed from afar by Natasha

Vault maps used:
D:1:      onia_arrival_mini_spirals
D:2:      johnstein_pakellas_dig, grunt_ministairs_2, uniq_natasha

Action                   || total
-------------------------++-------
Melee: Dagger            ||     2
 Cast: Sandblast         ||    26
  Use: Scroll            ||     5
       Potion            ||     3
  Eat: Chunk             ||     1
